 Dungeon Crawl Stone Soup version 0.28-a0-1159-g27aa881441 (webtiles) character file.

Game seed: 7885637319965846109

558 avis the Insei (level 7, -1/47 HPs)
             Began as an Octopode Transmuter on Dec 16, 2021.
             Slain by Duvessa (15 damage)
             ... on level 4 of the Dungeon.
             The game lasted 00:18:09 (4672 turns).

avis the Insei (Octopode Transmuter)                Turns: 4672, Time: 00:18:09

Health: -1/47      AC:  2    Str: 11    XL:     7   Next: 31%
Magic:  8/10       EV: 19    Int: 16    God:
Gold:   156        SH:  0    Dex: 17    Spells: 2/10 levels left

rFire   . . .      SeeInvis .     - Unarmed
rCold   . . .      Faith    .   (shield currently unavailable)
rNeg    . . .      Spirit   .   (helmet currently unavailable)
rPois   x          Reflect  .   (no amulet)
rElec   .          Harm     .   (no ring)
rCorr   .          Rampage  .   (no ring)
Will    .....                   (no ring)
Stlth   ++........              (no ring)
HPRegen 0.15/turn               (no ring)
MPRegen 0.12/turn               (no ring)
                                (no ring)
                                (no ring)

@: spider-form (expiring)
A: venomous fangs, almost no armour, (amphibious), 8 rings, tiny, (camouflage
1), (gelatinous body 1), (nimble swimmer 1), (tentacles)
a: End Transformation


You were on level 4 of the Dungeon.
You were a venomous arachnid creature.
You visited 1 branch of the dungeon, and saw 4 of its levels.

You collected 156 gold pieces.

Inventory:

Hand Weapons
 d - a +2 flail of protection
 i - a +1 dagger of protection
 m - a +9 club (melded)
 o - a +0 hunting sling
 p - a +4 quarterstaff of chaos
Missiles
 a - 38 arrows
 c - 111 stones
 g - 45 bolts
 k - 38 sling bullets
 s - 7 poisoned darts
Armour
 j - a +1 kite shield of cold resistance
Jewellery
 r - a ring of willpower
Scrolls
 q - a scroll of summoning {unknown}
Potions
 b - a potion of cancellation {unknown}
 e - a potion of might {unknown}
 f - a potion of resistance {unknown}
 h - a potion of flight {unknown}
 l - 2 potions of curing {unknown}
 n - 2 potions of attraction {unknown}


   Skills:
 * Level 3.7 Fighting
 - Level 2.0 Dodging
 - Level 7.0 Unarmed Combat
 - Level 2.0 Spellcasting
 - Level 2.0 Transmutations
 - Level 2.0 Poison Magic


You had 2 spell levels left.
You knew the following spells:

 Your Spells              Type           Power      Damage    Failure   Level
a - Beastly Appendage     Tmut           16%        N/A       22%         1
p - Spider Form           Tmut/Pois      8%         N/A       47%         3
q - Ice Form              Ice/Tmut       4%         N/A       92%         4

Your spell library contained the following spells:

 Spells                   Type           Power      Damage    Failure   Level
 Wereblood                Tmut           8%         N/A       32%         2
 Apportation              Tloc           2%         N/A       41%         1
 Scorch                   Fire           2%         2d5       52%         2
 Flame Wave               Conj/Fire      1%         2d4       97%         4
 Alistair's Intoxication  Tmut/Pois      5%         N/A       98%         5
 Summon Cactus Giant      Summ           0%         N/A       100%        6


Dungeon Overview and Level Annotations

Branches:
Dungeon (4/15)
 Temple: D:4-7

Altars:

Annotations:
D:4 Dowan, Duvessa


Innate Abilities, Weirdness & Mutations

You are a venomous arachnid creature.
You have poisonous fangs.
You are tiny and dextrous.
Your spellcasting is less reliable in this form.
Your armour is entirely melded.
You are incapable of wielding weapons or throwing items.
You cannot wear most types of armour.
((You are amphibious.))
You can wear up to eight rings at the same time.
((Your skin changes colour to match your surroundings (Stealth+).))
((Your rubbery body absorbs attacks. (AC +1, EV +1)))
((You are camouflaged near water. (Stealth+)))
((You have tentacles for arms and can constrict up to eight enemies at once.))


Message History

Your +9 club unmelds from your body.
You start resting.
Magic restored.
You start resting.
HP restored.
Casting: Spider Form (dangerous; 26% risk of failure)
Confirm with . or Enter, or press ? or * to list all spells.
You turn into a venomous arachnid creature.
Your +9 club melds into your body.
Your transformation is almost over.
You climb downwards.
Level annotation: Dowan, Duvessa Dowan says, "Magic and the sword, together, will defeat you."
Duvessa misses you.
There is a stone staircase leading up here.
You hit Duvessa.
Duvessa is poisoned.
Duvessa is lightly wounded.
Duvessa misses you.
Dowan whispers, "It won't be long now."
Dowan hits you with a +0 dagger.
You hit Duvessa but do no damage.
Duvessa looks as sick as possible!
Duvessa is lightly wounded.
Duvessa misses you.
You hit Dowan.
Dowan is poisoned.
Dowan is moderately wounded.
Dowan hits you with a +0 dagger. Duvessa barely misses you.
You hit Duvessa but do no damage.
Duvessa looks as sick as possible!
Duvessa is lightly wounded.
Dowan casts a spell at you. The puff of frost hits you!
You barely miss Duvessa.
Duvessa is moderately wounded.
Duvessa hits you with a +0 rapier!
* * * LOW HITPOINT WARNING * * *
Dowan barely misses you.
Unknown command.
You barely miss Duvessa.
Duvessa is moderately wounded.
Duvessa hits you with a +0 rapier!
You die...

#.. .# #.. ..# #... ...
..... ###.# ...###....
......# #.e..###.. #.##.
#.se...... .....
#......... #...
####......
...##..#...........#.#..
...##...#........... ...
...##.#.............. ..
...##.#............ .. .
<..##.#...^.......> ..#
...##.#............


You could see Duvessa (extremely poisoned) and Dowan (very poisoned).

Vanquished Creatures
  Grinder (D:3)
  2 hounds
  Crazy Yiuf (D:3)
  An orc priest (D:3)
  A jelly (D:3)
  Jessica (D:3)
  An orc wizard (D:3)
  Natasha (thrice) (D:3)
  4 adders
  2 dart slugs
  7 orcs (D:3)
  6 ball pythons
  5 endoplasms
  3 giant cockroaches (D:2)
  4 goblins
  5 hobgoblins
  6 jackals
  5 kobolds
  A quokka (D:2)
  8 bats
  4 frilled lizards
  6 rats
77 creatures vanquished.

Notes
Turn   | Place    | Note
-------+----------+-------------------------------------------
     0 | D:1      | avis the Octopode Transmuter began the quest for the Orb.
     0 | D:1      | Reached XP level 1. HP: 13/13 MP: 3/3
    67 | D:1      | Reached XP level 2. HP: 18/18 MP: 5/5
   460 | D:1      | Reached skill level 4 in Unarmed Combat
   725 | D:2      | Reached XP level 3. HP: 19/23 MP: 6/6
   781 | D:1      | Learned a level 3 spell: Spider Form
  1174 | D:2      | Reached skill level 1 in Poison Magic
  1177 | D:2      | Found a faded altar of an unknown god.
  1260 | D:2      | Reached XP level 4. HP: 29/29 MP: 5/7
  1932 | D:3      | Reached XP level 5. HP: 5/34 MP: 2/8
  2224 | D:3      | Noticed Jessica
  2236 | D:3      | Reached skill level 5 in Unarmed Combat
  2241 | D:3      | Killed Jessica
  2509 | D:3      | Noticed Grinder
  2670 | D:3      | Noticed Natasha
  2707 | D:3      | Killed Natasha
  2708 | D:3      | Reached XP level 6. HP: 42/42 MP: 6/9
  2807 | D:3      | Noticed Natasha
  3086 | D:3      | Paralysed by Grinder for 2 turns
  3087 | D:3      | HP: 2/42 [Grinder/nerve-wracking pain (14)]
  3088 | D:3      | Killed Grinder
  3089 | D:3      | Reached skill level 6 in Unarmed Combat
  3372 | D:3      | Learned a level 4 spell: Ice Form
  3456 | D:3      | Killed Natasha
  3457 | D:3      | Reached XP level 7. HP: 45/46 MP: 6/10
  3577 | D:3      | Found a runed translucent door.
  3578 | D:3      | Noticed Crazy Yiuf
  3589 | D:3      | Killed Crazy Yiuf
  3590 | D:3      | Reached skill level 7 in Unarmed Combat
  4202 | D:3      | Noticed Natasha
  4210 | D:3      | Killed Natasha
  4411 | D:4      | Noticed Dowan
  4412 | D:4      | Noticed Duvessa
  4672 | D:4      | Slain by Duvessa

Illustrated notes

Levels and vault maps discovered:
D:1:      ncdulo_watergridlock, layout_rooms
D:2:      layout_basic, shapermc_ecumenical_altar_petra, nrook_mini_backslash
D:3:      layout_basic, wander_ebering_terrifying_dragon_lair, uniq_grinder,
          uniq_natasha, uniq_jessica, uniq_crazy_yiuf_cottage
D:4:      layout_rooms, lemuel_coloured_pillars_altar,
          beargit_hepliaklqana_dungeon_heroes,
          mainiacjoe_overflow_surrounded_room, uniq_duvessa, uniq_ijyb

Skill      XL: |  1  2  3  4  5  6  7 |
---------------+----------------------+-----
Unarmed Combat | 4 5 6 7 |  7.0
Fighting       | 2 3 |  3.7
Poison Magic   | 2 |  2.0
Dodging        | |  2.0
Spellcasting   | |  2.0
Transmutations | |  2.0

Action                   |  1- 3 |  4- 6 |  7- 9 || total
-------------------------+-------+-------+-------++-------
Melee: Unarmed           |    66 |    68 |    36 ||   170
       Constrict         |    21 |     7 |     1 ||    29
       Tentacles         |    10 |     5 |     1 ||    16
       Kick              |    21 |     3 |       ||    24
       Punch             |     1 |       |       ||     1
       Club              |       |     3 |     3 ||     6
 Cast: Beastly Appendage |    20 |     5 |       ||    25
       Spider Form       |       |    13 |     7 ||    20
  Use: Scroll            |       |     2 |       ||     2
 Stab: Sleeping          |     9 |       |       ||     9
       Distracted        |       |     1 |       ||     1
Armor: Skin              |     6 |     1 |     6 ||    13
Dodge: Dodged            |    34 |    27 |    51 ||   112

Table legend: (Time is in decaauts)
 A = Elapsed time spent in this place.
 B = Non-inter-level travel time spent in this place.
 C = Inter-level travel time spent in this place.
 D = Time resting spent in this place.
 E = Time spent auto-exploring this place.
 F = Levels seen in this place.
 G = Mean time per level.
                   A        B        C        D        E       F      G
               +--------+--------+--------+--------+--------+-----+--------+
         Total |   4665 |   3990 |    675 |   1764 |   1409 |   4 | 1166.2 |
       Dungeon |   4665 |   3990 |    675 |   1764 |   1409 |   4 | 1166.2 |
               +--------+--------+--------+--------+--------+-----+--------+

Top non-repeatable levels by time:
     D:3: 2808 daAuts
     D:2: 997 daAuts
     D:1: 814 daAuts
     D:4: 46 daAuts
